AoeStats
← Jairzin

Arena

509623317Analyzed
4v4 RM · 5d ago on Sep 27, 2026· 42m 52s· 8 players
Game mode
Random Map
Map size
Large (8 player)
Population
200
Speed
Normal
Resources
Standard
Victory
Conquest
Starting age
Dark Age
Ending age
Imperial Age
RankedLock teamsTeams togetherTeam positionsShared explorationLock speedFull tech treeHidden civsTurbo modeCheats
Victory
Defeat
🇨🇭 Mongols · Switzerland
1135
+11
🇨🇳 Franks · China
1039
+15
🇧🇷 Aztecs · Brazil
1031
+16
🇨🇭 Turks · Switzerland
1031
+16
🇧🇷 Armenians · Brazil
1256
-22
1101
-18
🇧🇷 Varangians · Brazil
875
-9
🇧🇷 Cumans · Brazil
867
-9
Jairzin
12:31 Feudal Age
13:12 Double-Bit Axe
13:11 Horse Collar
17:37 Castle Age
15:47 Stone Mining
18:38 Heavy Plow
18:52 Bow Saw
20:44 Stone Shaft Mining
23:12 Gold Mining
24:34 Forging
25:19 Scale Mail Armor
29:38 Loom
34:07 Imperial Age
32:58 Gold Shaft Mining
33:15 Wheelbarrow
33:05 Arson
33:20 Squires
34:29 Chain Mail Armor
34:58 Iron Casting
36:10 Conscription
36:23 Garland Wars
36:57 Elite Jaguar Warrior
39:55 Blast Furnace
40:30 Plate Mail Armor
40:10 Siege Engineers
frickman
10:45 Feudal Age
11:43 Double-Bit Axe
14:28 Castle Age
16:57 Loom
17:53 Bow Saw
19:33 Fletching
20:28 Horse Collar
21:04 Stone Mining
21:05 Gold Mining
21:31 Bodkin Arrow
23:06 Padded Archer Armor
29:26 Leather Archer Armor
30:13 Heavy Plow
34:31 Imperial Age
32:25 Ballistics
34:01 Gold Shaft Mining
34:03 Stone Shaft Mining
35:37 Masonry
35:46 Bloodlines
35:37 Husbandry
40:31 Bracer
42:59 Forging
42:54 Scale Barding Armor
eieieili
13:49 Feudal Age
19:10 Castle Age
pacoyyds
11:49 Feudal Age
12:50 Double-Bit Axe
16:03 Castle Age
17:39 Bow Saw
18:48 Forging
18:44 Scale Barding Armor
19:08 Fervor
18:52 Gold Mining
26:54 Stone Mining
28:36 Gold Shaft Mining
29:10 Wheelbarrow
29:29 Loom
29:37 Loom
30:58 Husbandry
33:43 Imperial Age
32:26 Iron Casting
32:12 Chain Barding Armor
32:16 Hand Cart
32:31 Town Watch
33:45 Treadmill Crane
34:05 Murder Holes
34:21 Masonry
34:23 Fortified Wall
35:30 Blast Furnace
35:06 Plate Barding Armor
33:59 Cavalier
36:11 Chivalry
35:35 Paladin
37:15 Fletching
41:27 Conscription
RodrigoOBOMM
8:22 Loom
11:08 Feudal Age
13:20 Double-Bit Axe
15:37 Castle Age
14:40 Horse Collar
19:52 Elite Skirmisher
25:20 Fletching
31:52 Bodkin Arrow
33:30 Gold Mining
41:47 Imperial Age
39:29 Bow Saw
38:52 Pikeman
41:11 Wheelbarrow
41:14 Ballistics
41:04 Scale Barding Armor
43:32 Two-Man Saw
Nbzinho
5:21 Loom
9:08 Feudal Age
10:08 Double-Bit Axe
9:49 Man-at-Arms
14:10 Wheelbarrow
15:09 Long Swordsman
16:01 Horse Collar
18:03 Scale Mail Armor
20:27 Forging
25:34 Castle Age
28:04 Sanctity
27:42 Two-Handed Swordsman
28:08 Gambesons
29:35 Redemption
31:54 Sanctity
31:03 Champion
32:02 Chain Mail Armor
32:08 Hand Cart
39:04 Imperial Age
36:55 Squires
37:49 Bow Saw
37:29 Gold Mining
41:16 Scale Barding Armor
41:01 Fletching
41:39 Ballistics
42:20 Chemistry
|B4ST4RDS| gangster0x SKINS
5:33 Loom
9:59 Feudal Age
15:03 Castle Age
13:11 Double-Bit Axe
13:09 Horse Collar
16:41 Bow Saw
19:14 Gold Mining
20:31 Heavy Plow
22:14 Stone Mining
23:21 Wheelbarrow
22:42 Pikeman
23:35 Town Watch
35:26 Imperial Age
32:53 Fletching
33:04 Padded Archer Armor
32:33 Elite Skirmisher
33:37 Squires
34:08 Ballistics
34:56 Murder Holes
36:23 Gold Shaft Mining
37:34 Conscription
37:50 Hoardings
39:40 Chemistry
38:52 Masonry
38:47 Pikeman
Daniel
6:03 Loom
10:10 Feudal Age
11:33 Double-Bit Axe
22:27 Castle Age
24:03 Capped Ram
28:23 Wheelbarrow
29:57 Crossbowman
30:46 Thumb Ring
38:01 Fletching
38:12 Padded Archer Armor
42:52 Imperial Age
Connection lost

Rejoining the realm…

Still unreachable

The connection could not be restored.

Session expired

The server has moved on; the page needs a fresh start.